 Dungeon Crawl Stone Soup version 0.22-a0-422-g9628fc8 (webtiles) character file.

11 raistware the Magician (level 2, -1/19 HPs)
             Began as a Mummy Wizard on May 18, 2018.
             Slain by a jackal (3 damage)
             ... on level 1 of the Dungeon.
             The game lasted 00:01:24 (366 turns).

raistware the Magician (Mummy Wizard)                Turns: 366, Time: 00:01:25

Health: -1/19      AC:  2    Str: 10    XL:     2   Next: 13%
Magic:  0/7        EV: 12    Int: 17    God:
Gold:   34         SH:  0    Dex: 10    Spells: 4/9 levels left

rFire    x . .     SeeInvis .   (no weapon)
rCold    + . .     Gourm    .   (no shield)
rNeg     + + +     Faith    .   a - +0 robe
rPois    ∞         Spirit   .   b - +0 hat
rElec    .         Reflect  .   (no cloak)
rCorr    .         Harm     .   (no gloves)
MR       .....                  (no boots)
Stlth    ++........             (no amulet)
HPRegen  0.06/turn              (no ring)
MPRegen  0.10/turn              (no ring)

@: no status effects
A: no food or potions, fire vulnerability, cold resistance 1, negative energy
resistance 3, torment resistance, unbreathing
a: no special abilities


You were on level 1 of the Dungeon.
You were not hungry.

You visited 1 branch of the dungeon, and saw 1 of its levels.

You collected 34 gold pieces.

Inventory:

Armour
 a - a +0 robe (worn)
 b - a +0 hat (worn)
Scrolls
 c - a scroll of identify {unknown}
 d - a scroll of magic mapping {unknown}
 e - a scroll of fog {unknown}


   Skills:
 - Level 1.5 Dodging
 - Level 1.5 Stealth
 - Level 4.0 Spellcasting
 + Level 1.8 Conjurations
 - Level 0.7 Summonings
 - Level 0.7 Translocations


You had 4 spell levels left.
You knew the following spells:

 Your Spells              Type           Power        Failure   Level  Hunger
a - Magic Dart            Conj           #...         8%          1    N/A
b - Blink                 Tloc           N/A          19%         2    N/A
c - Call Imp              Summ           #.......     19%         2    N/A

Your spell library contained the following spells:

 Spells                   Type           Power        Failure   Level  Hunger
 Conjure Flame            Conj/Fire      #.......     32%         3    N/A
 Slow                     Hex            #.......     24%         2    N/A
 Mephitic Cloud           Conj/Pois/Air  #.......     36%         3    N/A

Dungeon Overview and Level Annotations

Branches:
Dungeon (1/15)

Altars:


Innate Abilities, Weirdness & Mutations

You do not eat or drink.
Your flesh is vulnerable to fire.
You are immune to poison.
Your flesh is cold resistant. (rC+)
You are immune to negative energy. (rN+++)
You are immune to unholy pain and torment.
You can survive without breathing.


Message History

Your shadow imp hits the jackal.
The jackal dies!
The jackal barely misses you. The jackal closely misses you.
Your shadow imp disappears in a puff of smoke!
The jackal misses you. The jackal bites you.
* * * LOW HITPOINT WARNING * * *
Casting: Call Imp (safe; 19% risk of failure)
Confirm with . or Enter, or press ? or * to list all spells.
A beastly little devil appears in a puff of flame.
The jackal barely misses you. The jackal closely misses you.
The hobgoblin hits your crimson imp but does no damage.
Your crimson imp misses the hobgoblin.
The hobgoblin barely misses your crimson imp.
Your crimson imp barely misses the hobgoblin.
The jackal completely misses you.
Your crimson imp blinks!
The jackal bites you.
You die...

.h##...##......#M#.#Q#
h #... #.....†###.###
#... #....§.#p#.#.#
#..# #.#....###.###
#.#....#a#.#h#
#.#....###.###
#.#....#N#.#p#
#.#....###.###
#@#..g.#n#.#c#
#h#....###.###
##.###h####.#f#.#6#
...........g.###.###
...........§.#o#.#9#
..........5..###.###
.............#K#.#m#
.###.######..###.###
#. #..#g#.#O#


You could see 2 jackals.

Vanquished Creatures
  2 dart slugs (D:1)
  A goblin (D:1)
  A ball python (D:1)
  A bat (D:1)
  A frilled lizard (D:1)
  A rat (D:1)
7 creatures vanquished.

Vanquished Creatures (collateral kills)
  2 jackals (D:1)
2 creatures vanquished.

Grand Total: 9 creatures vanquished

Notes
Turn   | Place    | Note
-------+----------+-------------------------------------------
     0 | D:1      | raistware the Mummy Wizard began the quest for the Orb.
     0 | D:1      | Reached XP level 1. HP: 13/13 MP: 5/5
     2 | D:1      | Noticed a vampire
     2 | D:1      | Noticed a human
     4 | D:1      | Noticed a draconian
     4 | D:1      | Noticed a troll
     6 | D:1      | Noticed an octopode
     6 | D:1      | Noticed a spriggan
     8 | D:1      | Noticed a dwarf
     8 | D:1      | Noticed an ogre
    10 | D:1      | Noticed a merfolk
    12 | D:1      | Noticed a gargoyle
    14 | D:1      | Noticed a vine stalker
    14 | D:1      | Noticed a demonspawn
    16 | D:1      | Noticed a ghoul
    16 | D:1      | Noticed a centaur
    18 | D:1      | Noticed a naga
    18 | D:1      | Noticed a halfling
    20 | D:1      | Noticed a formicid
    20 | D:1      | Noticed a felid
    22 | D:1      | Noticed a demigod
    24 | D:1      | Noticed a tengu
    26 | D:1      | Noticed an elf
    26 | D:1      | Noticed a minotaur
    42 | D:1      | Reached skill level 1 in Conjurations
   262 | D:1      | Reached XP level 2. HP: 19/19 MP: 2/7
   266 | D:1      | Learned a level 2 spell: Blink
   269 | D:1      | Learned a level 2 spell: Call Imp
   366 | D:1      | Slain by a jackal

Vault maps used:
D:1:      kb_arrival_jail

Skill      XL: |  1 |
---------------+----+-----
Conjurations   | 1 |  1.8
Dodging        | |  1.5
Stealth        | |  1.5
Spellcasting   | |  4.0
Summonings     | |  0.7
Translocations | |  0.7

Action                   || total
-------------------------++-------
Melee: Unarmed           ||    15
 Cast: Magic Dart        ||    24
       Call Imp          ||     2
Armor: Robe              ||     2
Dodge: Dodged            ||    21

Table legend:
 A = Spawn XP
 B = Non-spawn XP
 C = Spawn XP percentage of total XP
 D = Spawn monster count
 E = Non-spawn monster count
 F = Spawn count percentage of total count
 G = Total turns spent on level
                    A         B        C        D         E        F      G
               +---------+---------+-------+---------+---------+-------+---------
         Total |       0 |      16 |   0.0 |       0 |       9 |   0.0 |   366
               +---------+---------+-------+---------+---------+-------+---------
           D:1 |       0 |      16 |   0.0 |       0 |       9 |   0.0 |   366
               +---------+---------+-------+---------+---------+-------+---------
